 Dungeon Crawl Stone Soup version 0.28-a0-1518-gbe868bca14 (webtiles) character file.

Game seed: 13389761072298127667

656 hashsling the Purveyor of Pain (level 7, -7/53 (55) HPs)
             Began as a Deep Dwarf Necromancer on Jan 16, 2022.
             Was an Initiate of Kikubaaqudgha.
             Mangled by an ogre (18 damage)
             ... on level 6 of the Dungeon.
             The game lasted 00:23:53 (5391 turns).

hashsling the Purveyor of Pain (DDNe)               Turns: 5391, Time: 00:23:54

HP:   -7/53 (55)    AC:  6    Str: 12    XL:     7   Next: 29%
MP:   1/11          EV: 13    Int: 17    God:    Kikubaaqudgha [......]
Gold: 316           SH:  5    Dex: 13    Spells: 3/12 levels left

rFire   . . .      SeeInvis .   g - +0 spear
rCold   . . .      Faith    .   b - +0 buckler
rNeg    . . .      Spirit   .   c - +2 leather armour of Theory {rPois}
rPois   +          Reflect  .   (no helmet)
rElec   .          Harm     .   (no cloak)
rCorr   .          Rampage  .   B - +0 pair of gloves
Will    +....                   (no boots)
Stlth   ++........              (no amulet)
HPRegen 0.00/turn               (no ring)
MPRegen 0.12/turn               (no ring)

@: very slightly contaminated, lightly drained
A: damage resistance, heal wounds, sense surroundings 1, no regeneration
a: Heal Wounds, Renounce Religion


You were on level 6 of the Dungeon.
You worshipped Kikubaaqudgha.
Kikubaaqudgha was noncommittal.
You visited 1 branch of the dungeon, and saw 6 of its levels.

You collected 316 gold pieces.

Inventory:

Hand Weapons
 g - a +0 spear (weapon)
Missiles
 d - 52 bolts
 x - a throwing net
Armour
 a - a +0 cloak
 b - a +0 buckler (worn)
 c - the +2 leather armour of Theory (worn) {rPois}
   (You found it on level 4 of the Dungeon)

   rPois:     It protects you from poison.
 n - a scarf of harm
 B - a +0 pair of gloves (worn)
Jewellery
 f - a ring of ice
 y - a ring of fire
Wands
 w - a wand of iceblast (7)
Scrolls
 e - a scroll of magic mapping {unknown}
 h - a scroll of fog {unknown}
 i - a scroll of enchant armour {unknown}
 m - a scroll of amnesia {unknown}
 p - 2 scrolls of fear {unknown}
 r - a scroll of enchant weapon {unknown}
 t - 2 scrolls of teleportation {unknown}
 z - 3 scrolls of brand weapon {unknown}
 A - a scroll of noise {unknown}
Potions
 j - 4 potions of curing
 k - a potion of attraction {unknown}
 l - 2 potions of brilliance
 o - 2 potions of magic {unknown}
 s - a potion of might {unknown}
 u - a potion of haste {unknown}


   Skills:
 * Level 1.5 Armour
 * Level 5.0 Dodging
 - Level 2.4 Stealth
 * Level 4.1 Shields
 + Level 3.0 Spellcasting
 * Level 6.4 Necromancy


You had 3 spell levels left.
You knew the following spells:

 Your Spells              Type           Power      Damage    Failure   Level
a - Pain                  Necr           96%        1d8       1%          1
b - Animate Skeleton      Necr           48%        N/A       1%          1
c - Vampiric Draining     Necr           24%        2d7       6%          3
d - Animate Dead          Necr           12%        N/A       21%         4

Your spell library contained the following spells:

 Spells                   Type           Power      Damage    Failure   Level
 Summon Small Mammal      Summ           8%         N/A       28%         1
 Call Canine Familiar     Summ           2%         N/A       65%         3
 Dazzling Flash           Conj/Hex       4%         N/A       65%         3
 Summon Guardian Golem    Hex/Summ       2%         N/A       65%         3
 Agony                    Necr           24%        N/A       50%         5
 Silence                  Hex/Air        1%         N/A       100%        5
 Orb of Destruction       Conj           1%         9d5       100%        7
 Spellforged Servitor     Conj/Summ      1%         N/A       100%        7


Dungeon Overview and Level Annotations

Branches:
Dungeon (6/15)
 Temple: D:4-7

Altars:
Cheibriados
Kikubaaqudgha
Zin

Shops:
D:5 (

Annotations:
D:5 3 runed translucent doors, Atlas's ghost, novice DsIE; croobank's ghost, novice OpSu; croobank's ghost, novice OpTm; freelancePsychic's ghost, novice MiFi


Innate Abilities, Weirdness & Mutations

You are resistant to damage.
You can heal yourself by infusing magical energy.
You passively map a small area around you.
You do not regenerate.


Message History

You kill the hound!
Kikubaaqudgha accepts your kill.
You feel life coursing into your body.
Your Dodging skill increases to level 5!
You hear the slow hiss of an avalanche of sand very nearby.
An ogre comes into view. It is wielding a +0 giant club.
Casting: Vampiric Draining (dangerous; 6% risk of failure)
Confirm with . or Enter, or press ? or * to list all spells.
The spell is quite dangerous to miscast (21% risk of failure)!
Continue anyway?
You miscast Animate Dead.
You are very lightly contaminated with residual magic.
You shiver with cold!
You feel drained.
* * * LOW HITPOINT WARNING * * *
The ogre shouts!
Casting: Animate Dead (quite dangerous; 21% risk of failure)
Confirm with . or Enter, or press ? or * to list all spells.
You attempt to give life to the dead...
Before your eyes, flesh is ripped from the corpse!
The dead are walking!
Casting: Animate Skeleton (safe; 1% risk of failure)
Confirm with . or Enter, or press ? or * to list all spells.
Aiming: Pain (safe; 1% risk of failure)
Press: ? - help, Shift-Dir - straight line, f - ogre
Aim: an ogre, wielding a +0 giant club (chance to affect: 83%)
The ogre writhes in agony!
You swap places.
The ogre hits your hound skeleton with a +0 giant club!!
Your hound skeleton is destroyed!
There is a stone staircase leading up here.
Found a stone staircase leading up.
Found 8 gold pieces.
Casting: Pain (safe; 1% risk of failure)
Confirm with . or Enter, or press ? or * to list all spells.
Aiming: Pain (safe; 1% risk of failure)
Press: ? - help, Shift-Dir - straight line, f/p - ogre
Aim: an ogre, wielding a +0 giant club (moderately wounded, chance to affect: 83%)
The ogre writhes in agony!
The ogre hits you with a +0 giant club!!
You die...
Kikubaaqudgha rasps: "You have failed me!
Welcome... death!"

###......... ,
#.........≈. * *
* #.#[...≈≈(.. *
#.##.#.≈≈.. ≈≈ *
* # #. #.# ,... *
#.####. #.# * # *
, ...<...##<### ,
, ........O...# *
.......@..#......
,
..$....##########
* $####.# * , #.
* # * , , * * * *
** ,, * * *


You could see an ogre.

Vanquished Creatures
  A scorpion (D:5)
  A water moccasin skeleton (D:4)
  A bullfrog zombie (D:5)
  A jelly (D:4)
  A centaur zombie (D:5)
  A hound (D:6)
  A bullfrog skeleton (D:4)
  A centaur skeleton (D:4)
  A scorpion zombie (D:4)
  An iguana (D:5)
  A hound zombie (D:4)
  A hound skeleton (D:4)
  3 adders
  2 adder zombies
  2 worms (D:2)
  A dart slug (D:1)
  4 bats
  5 endoplasms
  2 giant cockroaches (D:3)
  12 goblins
  5 hobgoblins
  7 kobolds
  2 quokkas
  7 ball pythons
  A frilled lizard (D:3)
  5 rats
70 creatures vanquished.

Vanquished Creatures (collateral kills)
  Sigmund (D:3)
  A bullfrog zombie (D:5)
  An endoplasm (D:1)
  A rat (D:3)
4 creatures vanquished.

Vanquished Creatures (others)
  A plant (D:5)
1 creature vanquished.

Grand Total: 75 creatures vanquished

Notes
Turn   | Place    | Note
-------+----------+-------------------------------------------
     0 | D:1      | hashsling the Deep Dwarf Necromancer began the quest for
                  | the Orb.
     0 | D:1      | Reached XP level 1. HP: 15/15 MP: 3/3
     2 | D:1      | Learned a level 1 spell: Animate Skeleton
   252 | D:1      | Reached XP level 2. HP: 19/22 MP: 1/4
  1282 | D:2      | Reached XP level 3. HP: 24/28 MP: 2/6
  1325 | D:2      | Learned a level 3 spell: Vampiric Draining
  1520 | D:2      | Reached skill level 1 in Shields
  1642 | D:2      | Reached skill level 5 in Necromancy
  1673 | D:2      | Found a snail-covered altar of Cheibriados.
  2218 | D:3      | Reached XP level 4. HP: 35/36 MP: 4/7
  2277 | D:3      | Noticed Sigmund
  2328 | D:3      | Killed Sigmund
  2329 | D:3      | Reached XP level 5. HP: 2/42 MP: 0/8
  2527 | D:3      | Found a faded altar of an unknown god.
  2623 | D:3      | Found an ancient bone altar of Kikubaaqudgha.
  2659 | D:3      | Became a worshipper of Kikubaaqudgha
  3171 | D:4      | Reached XP level 6. HP: 26/49 MP: 2/9
  3305 | D:4      | Learned a level 4 spell: Animate Dead
  3736 | D:4      | Reached skill level 6 in Necromancy
  4188 | D:4      | Identified the +2 leather armour of Theory {rPois}
  4277 | D:5      | Entered Level 5 of the Dungeon
  4392 | D:5      | Found a glowing silver altar of Zin.
  4446 | D:5      | Found a runed translucent gate.
  4447 | D:5      | Found a runed translucent gate.
  4448 | D:5      | Found a runed translucent gate.
  4449 | D:5      | Noticed croobank's ghost (novice OpTm)
  4449 | D:5      | Noticed Atlas's ghost (novice DsIE)
  4449 | D:5      | Noticed croobank's ghost (novice OpSu)
  4450 | D:5      | Noticed croobank's ghost (novice OpSu)
  4450 | D:5      | Noticed freelancePsychic's ghost (novice MiFi)
  4625 | D:5      | Found Ydarr's Weapon Emporium.
  4735 | D:5      | Reached XP level 7. HP: 20/55 MP: 11/11
  5011 | D:5      | Reached skill level 1 in Armour
  5354 | D:6      | Reached skill level 5 in Dodging
  5391 | D:6      | Mangled by an ogre

Illustrated notes

Levels and vault maps discovered:
D:1:      matt_arrival_refuge, layout_loops_ring, palyth_stone_intersect,
          minmay_tromino_v4_c
D:2:      layout_basic, basic_altar
D:3:      minmay_spotlight, layout_basic, nicolae_overflow_crystal_walls,
          shapermc_ecumenical_altar_flowoftime, st_stairs_4,
          kennysheep_generic_room_4, uniq_sigmund
D:4:      layout_basic, serial_undead, serial_undead_c, serial_undead_d,
          serial_undead_c, serial_undead_f
D:5:      layout_basic, zin_academy, gammafunk_ghost_cemetery, serial_shops,
          nicolae_inconvenience_store, corexii_shack, kennysheep_generic_room_6
D:6:      layout_loops_ring, nicolae_uskayaw_suspiria,
          minmay_temple_entry_large_hall, nicolae_ossuary_entry_false_entrances,
          gammafunk_ghost_grave

Skill      XL: |  1  2  3  4  5  6  7 |
---------------+----------------------+-----
Spellcasting   | 2 3 |  3.0
Dodging        | 3 4 5 |  5.0
Shields        | 1 2 3 4 |  4.1
Necromancy     | 5 6 |  6.4
Armour         | 1 |  1.5
Stealth        | |  2.4

Action                   |  1- 3 |  4- 6 |  7- 9 || total
-------------------------+-------+-------+-------++-------
Melee: Whip              |     5 |       |       ||     5
       Punch             |     1 |       |       ||     1
       Spear             |    22 |   124 |     8 ||   154
 Cast: Pain              |    64 |     7 |     8 ||    79
       Animate Skeleton  |     6 |     3 |     2 ||    11
       Vampiric Draining |     2 |    19 |     5 ||    26
 Abil: Heal Wounds       |       |     1 |       ||     1
  Use: Scroll            |       |     3 |       ||     3
Armor: Robe              |     2 |    19 |       ||    21
       Leather armour    |       |    15 |     3 ||    18
Dodge: Dodged            |    11 |    83 |     4 ||    98
Block: Buckler           |     3 |    34 |     1 ||    38

Table legend: (Time is in decaauts)
 A = Elapsed time spent in this place.
 B = Non-inter-level travel time spent in this place.
 C = Inter-level travel time spent in this place.
 D = Time resting spent in this place.
 E = Time spent auto-exploring this place.
 F = Levels seen in this place.
 G = Mean time per level.
                   A        B        C        D        E       F      G
               +--------+--------+--------+--------+--------+-----+--------+
         Total |   5412 |   5306 |    106 |      2 |   4144 |   6 |  902.0 |
       Dungeon |   5412 |   5306 |    106 |      2 |   4144 |   6 |  902.0 |
               +--------+--------+--------+--------+--------+-----+--------+

Top non-repeatable levels by time:
     D:4: 1194 daAuts
     D:5: 1056 daAuts
     D:2: 1043 daAuts
     D:1: 1033 daAuts
     D:3: 1023 daAuts
     D:6: 61 daAuts
